 Dungeon Crawl Stone Soup version 0.22-a0 (webtiles) character file.

95820 Gorglomux the Severer (level 15, -3/135 HPs)
             Began as a Pale Draconian Arcane Marksman on Dec 31, 2017.
             Was a High Priest of Okawaru.
             Killed from afar by an orc sorcerer (36 damage)
             ... with a bolt of fire
             ... on level 2 of the Orcish Mines.
             The game lasted 00:42:39 (22743 turns).

Gorglomux the Severer (DrAM)                       Turns: 22743, Time: 00:42:40

Health: -3/135     AC: 13    Str: 15    XL:     15   Next: 67%
Magic:  16/21      EV: 19    Int: 20    God:    Okawaru [*****.]
Gold:   1221       SH: 15    Dex: 17    Spells: 15/16 levels left

rFire    . . .     SeeInvis +   a - +7 broad axe of Checkmate {flame, rElec rPois}
rCold    . . .     Gourm    .   N - +3 shield {rPois}
rNeg     . . .     Faith    .   (armour unavailable)
rPois    +         Spirit   .   W - +2 hat {SInv} {god gift}
rElec    +         Reflect  .   k - +2 cloak
rCorr    .         Harm     .   s - +2 pair of gloves
MR       ++...                  X - +1 pair of boots of Deycs {god gift, Str+2 Int+4 Stlth+}
Stlth    +++.......             V - amulet of Kijiqair {rPois Regen+ Slay+2}
HPRegen  0.72/turn              m - ring of protection from magic
MPRegen  0.17/turn              C - +6 ring of protection

@: finesse, corroded, flying
A: breathe steam, unfitting armour, big wings, beak, clever 1, cold-blooded, AC
+9
a: Breathe Steam, Stop Flying, Heroism, Finesse, Renounce Religion


You were on level 2 of the Orcish Mines.
You worshipped Okawaru.
Okawaru was extremely pleased with you.
You were not hungry.

You visited 4 branches of the dungeon, and saw 24 of its levels.

You collected 2600 gold pieces.
You spent 1379 gold pieces at shops.

Inventory:

Hand Weapons
 a - the +7 broad axe of Checkmate (weapon) {flame, rElec rPois}
   (You took it off a centaur warrior on level 8 of the Dungeon)

   It has been specially enchanted to burn those struck by it, causing extra
   injury to most foes and up to half again as much damage against particularly
   susceptible opponents.
   Big, fiery blades are also staple armaments of hydra-hunters.
   It insulates you from electricity.
   It protects you from poison.
 b - the +9 mace "Zuamol" {antimagic, Str+4 Dex+2}
   (You found it on level 4 of the Dungeon)

   It reduces the magical energy of the wielder, and disrupts the spells and
   magical abilities of those hit.
   Natural abilities and divine invocations are not affected.
   It affects your strength (+4).
   It affects your dexterity (+2).
 L - the +7 broad axe of Terra Cotta {elec, rC- rN++ Str+3}
   (You found it on level 8 of the Dungeon)

   Occasionally, upon striking a foe, it will discharge some electrical energy
   and cause terrible harm.
   It affects your strength (+3).
   It makes you vulnerable to cold.
   It greatly protects you from negative energy.
Missiles
 Z - a throwing net (quivered)
Armour
 k - a +2 cloak (worn)
 s - a +2 pair of gloves (worn)
 N - a +3 shield of poison resistance (worn)
 W - a +2 hat of see invisible (worn) {god gift}
 X - the +1 pair of boots of Deycs (worn) {god gift, Str+2 Int+4 Stlth+}
   (Okawaru gifted it to you on level 10 of the Dungeon)

   It affects your strength (+2).
   It affects your intelligence (+4).
   It makes you more stealthy.
Jewellery
 m - a ring of protection from magic (left hand)
 C - a +6 ring of protection (right hand)
 H - the ring of Kikubaaqudgha's Hope {rC+ AC+2}
   (You found it on level 8 of the Dungeon)

   [ring of protection]

   It affects your AC (+2).
   It protects you from cold.
 V - the amulet of Kijiqair (around neck) {rPois Regen+ Slay+2}
   (You bought it in a shop on level 14 of the Dungeon)

   [amulet of regeneration]

   It affects your accuracy and damage with ranged weapons and melee attacks
   (+2).
   It protects you from poison.
   It increases your rate of regeneration.
Wands
 D - a wand of digging (14)
 E - a wand of enslavement (10)
 I - a wand of iceblast (10)
 O - a wand of flame (16)
Scrolls
 g - a scroll of fear
 n - 7 scrolls of enchant weapon
 t - 4 scrolls of immolation
 y - 8 scrolls of amnesia
 z - 2 scrolls of silence
 B - 3 scrolls of blinking
 M - 5 scrolls of magic mapping
 P - a scroll of fog
 R - 10 scrolls of identify
 T - 5 scrolls of teleportation
 U - 19 scrolls of remove curse
Potions
 h - 4 potions of flight
 i - 4 potions of berserk rage
 j - 3 potions of haste
 l - 2 potions of brilliance
 p - 4 potions of resistance
 q - 9 potions of lignification
 r - 2 potions of magic
 u - 6 potions of mutation {!q}
 w - a potion of ambrosia
 x - 5 potions of heal wounds
 A - 2 potions of might
 F - 2 potions of cancellation
 G - 2 potions of agility
 Q - 13 potions of curing
 S - 4 potions of invisibility
Books
 e - a book of Debilitation

   Spells                             Type                      Level
   a - Corona                         Hexes                        1
   b - Slow                           Hexes                        2
   c - Inner Flame                    Hexes/Fire                   3
   d - Portal Projectile              Hexes/Translocation          3
   e - Cause Fear                     Hexes                        4
   f - Leda's Liquefaction            Hexes/Earth                  4
 J - a book of the Earth

   Spells                             Type                      Level
   a - Leda's Liquefaction            Hexes/Earth                  4
   b - Bolt of Magma                  Conjuration/Fire/Earth       5
   c - Statue Form                    Transmutation/Earth          6
   d - Iron Shot                      Conjuration/Earth            6
   e - Shatter                        Earth                        9
 K - a book of Minor Magic

   Spells                             Type                      Level
   a - Magic Dart                     Conjuration                  1
   b - Blink                          Translocation                2
   c - Call Imp                       Summoning                    2
   d - Slow                           Hexes                        2
   e - Conjure Flame                  Conjuration/Fire             3
   f - Mephitic Cloud                 Conjuration/Poison/Air       3
Miscellaneous
 Y - a lamp of fire
Comestibles
 d - 49 rations
 v - 13 chunks of flesh


   Skills:
 - Level 13.1 Fighting
 + Level 15.6(16.3) Axes
 - Level 8.5(13.1) Maces & Flails
   Level 1.7 Crossbows
 - Level 10.3 Dodging
 - Level 10.8 Shields
 - Level 4.0 Unarmed Combat
 - Level 1.0 Spellcasting
 - Level 2.6 Hexes
 - Level 9.0 Invocations
 - Level 5.0 Evocations


You had 15 spell levels left.
You knew the following spells:

 Your Spells              Type           Power        Failure   Level  Hunger
a - Corona                Hex            ##.....      10%         1    ##.....


Dungeon Overview and Level Annotations

Branches:
Dungeon (15/15)            Temple (1/1) D:6            Lair (6/6) D:10
 Shoals (0/4) Lair:4        Snake (0/4) Lair:4          Orc (2/2) D:9
 Vaults (0/5) D:14         Depths (0/5) D:15
  Slime: Lair:5-6       Elf: Orc:2

Altars:
Ashenzari
Cheibriados
Dithmenos
Elyvilon
Fedhas
Gozag
Hepliaklqana
Kikubaaqudgha
Makhleb
Nemelex Xobeh
Okawaru
Qazlal
Ru
Sif Muna
Trog
Uskayaw
Vehumet
Wu Jian
Xom
Yredelemnul
Zin
The Shining One
Beogh

Shops:
D:4 *   D:6 [   D:10 (   D:14 =   Orc:2 [(*

Annotations:
D:12 Kirke
Lair:6 slime, exclusion: oklob plant


Innate Abilities, Weirdness & Mutations

You can breathe blasts of scalding, opaque steam.
Your pale cyan-grey scales are hard. (AC +9)
You cannot fit into any form of body armour.
You are cold-blooded and may be slowed by cold attacks.
Your large and strong wings let you fly indefinitely.
You have a beak for a mouth.
Your mind is acute. (Int +2)


Message History

Butt closely miss the orc warrior!
You closely miss the rust devil! The rust devil barely misses you!
The orc warrior hits you with a scimitar of holy wrath!!!
The orc warrior hits you with a BATTLEAXE!!! * * * don't die
* * * The orange demon butts you!
Butt of the chunks of flesh in your inventory have rotted away!
Unknown command!
Butt open the orc warrior but do no damage!
The orc warrior is heavily wounded!
You carve the sun demon but do butt damage!
You chop the orc sorcerer but do no damage!
You barely miss the rust devil! You carve the orc warrior like a ham!!!
You burn the orc warrior!
Butt annihilate the orc warrior!!!
Okawaru roars: ANNIHILATED!
The sun demon hits you but does no damage!
The orc sorcerer casts a spell at you! The bolt of fire hits you!!! rip

#............## #
#.............###
#.........#.....#
.#.......##....#
##......# ##.##
##..##.## ##
#####....###
#.........#
#.###P.o@3#
#....)4oo.#
#....4o3..#
......83.....
#..........P....
##.....∩........
#.........P....
#..............


You could see a soul eater, an orc high priest, a sun demon, an orange demon, a
rust devil, a smoke demon, an orc sorcerer and 2 orc warriors.

Vanquished Creatures
  Rupert (Lair:3)
  Agnes (D:15)
  2 orc warlords (Orc:2)
  A caustic shrike skeleton (D:15)
  Snorg (Lair:3)
  Josephine (D:10)
  The ghost of Nattefrost the Carver, a journeyman CeAK of Lugonu (D:11)
  Erolcha (D:13)
  Fannar (Lair:1)
  9 hydras
  A centaur warrior (D:8)
  2 dancing weapons (D:14)
  7 two-headed ogres
  A vampire mage (D:15)
  5 death yaks (D:10)
  A tengu warrior (D:15)
  3 orc high priests (Orc:2)
  Sonja (D:12)
  Nergalle (D:12)
  2 skeletal warriors (D:15)
  8 unseen horrors
  A swamp dragon (shapeshifter) (D:14)
  Pikel (D:8)
  A sphinx zombie (D:15)
  5 oklob plants
  2 orc knights
  A necromancer (D:15)
  17 ugly things
  5 orc sorcerers
  3 manticores
  3 cyclopes
  2 merfolk sirens (Lair:4)
  A black mamba (Lair:4)
  Joseph (D:8)
  A gargoyle (D:14)
  A torpor snail (Lair:2)
  3 kobold demonologists
  8 spiny frogs
  A rime drake (Lair:3)
  9 komodo dragons
  5 trolls
  A tengu conjurer (D:15)
  2 merfolk (Lair:4)
  2 polar bears
  Grinder (D:5)
  10 hippogriffs
  5 hornets (Lair:6)
  11 slime creatures
  The ghost of Oozefury the Changer, an amateur BaTm (D:3)
  An ettin zombie (D:15)
  2 dream sheep (Lair:6)
  A centaur simulacrum (D:15)
  15 spriggans
  An ice dragon skeleton (D:15)
  8 wraiths
  6 wyverns
  5 basilisks
  25 yaks
  5 hogs (D:12)
  9 vampire mosquitoes
  Grum (D:8)
  4 hungry ghosts
  4 wargs (Orc:2)
  An acid dragon (D:14)
  6 nagas (Lair:4)
  12 water moccasins
  25 orc warriors
  12 porcupines
  6 sky beasts
  6 ice beasts
  3 phantoms
  A necrophage (D:12)
  7 black bears (Lair:6)
  4 boggarts (Lair:6)
  13 centaurs
  23 wolves
  9 ogres
  6 crocodiles
  7 big kobolds
  13 bullfrogs
  A wyvern zombie (D:14)
  A gnoll sergeant (D:10)
  A water moccasin zombie (D:5)
  A wyvern skeleton (D:14)
  2 scorpions (D:4)
  4 killer bees (D:12)
  3 wights (D:11)
  4 howler monkeys
  3 electric eels
  2 centaur zombies
  6 crimson imps
  2 bullfrog zombies
  5 jellies
  9 hounds
  4 bullfrog skeletons
  11 orc priests
  3 centaur skeletons
  2 iguanas
  11 orc wizards
  6 worker ants
  A killer bee zombie (D:8)
  A hound skeleton (D:11)
  9 adders
  4 gnolls (D:10)
  3 howler monkey skeletons
  6 shadow imps
  An ooze (D:1)
  2 adder zombies
  4 worms
  3 dart slugs
  4 leopard geckos
  58 orcs
  5 bats
  5 giant cockroaches
  10 goblins
  7 hobgoblins
  5 jackals
  31 kobolds
  2 quokkas
  A ball python (D:2)
  4 frilled lizards (D:1)
  A jackal zombie (D:7)
  A leopard gecko skeleton (D:8)
  6 rats
  3 fungi
  A plant (Lair:2)
  A withered plant (D:15)
656 creatures vanquished.

Vanquished Creatures (others)
  A kobold (D:10)
  3 fungi
4 creatures vanquished.

Grand Total: 660 creatures vanquished

Notes
Turn   | Place    | Note
-------+----------+-------------------------------------------
     0 | D:1      | Gorglomux the Draconian Arcane Marksman began the quest for the Orb.
     0 | D:1      | Reached XP level 1. HP: 16/16 MP: 2/2
   387 | D:1      | Reached XP level 2. HP: 23/23 MP: 3/3
   453 | D:1      | Reached skill level 1 in Unarmed Combat
   786 | D:1      | Reached XP level 3. HP: 19/29 MP: 4/4
  1603 | D:2      | Reached XP level 4. HP: 37/37 MP: 5/5
  2152 | D:3      | Noticed Oozefury's ghost (amateur BaTm)
  2179 | D:3      | Killed Oozefury's ghost
  2179 | D:3      | Reached skill level 3 in Fighting
  2179 | D:3      | Reached skill level 3 in Dodging
  2179 | D:3      | Reached skill level 3 in Unarmed Combat
  2179 | D:3      | Reached XP level 5. HP: 35/46 MP: 6/6
  2179 | D:3      | Reached XP level 6. HP: 40/52 MP: 7/7
  2633 | D:4      | Found Awyczax's Assorted Antiques.
  2638 | D:4      | Bought a white potion for 23 gold pieces
  2638 | D:4      | Bought a scroll labeled BEPIXK HUILIAM for 26 gold pieces
  2638 | D:4      | Bought a fuming green potion for 23 gold pieces
  2638 | D:4      | Bought a scroll labeled HEACWO YCIZXU for 26 gold pieces
  2995 | D:4      | Got a bloodstained mace
  2996 | D:4      | Identified the +9 mace "Zuamol" {antimagic, Str+4 Dex+2} (You found it on level 4 of the Dungeon)
  3108 | D:4      | Found a radiant altar of Vehumet.
  3111 | D:4      | Found a burning altar of Makhleb.
  3114 | D:4      | Found a deep blue altar of Sif Muna.
  3116 | D:4      | Your scales start taking on a pale cyan-grey colour.
  3116 | D:4      | Reached XP level 7. HP: 60/60 MP: 2/8
  3367 | D:5      | Entered Level 5 of the Dungeon
  3401 | D:5      | Reached skill level 1 in Maces & Flails
  3466 | D:5      | Noticed Grinder
  3472 | D:5      | Killed Grinder
  3519 | D:5      | Reached skill level 3 in Maces & Flails
  3519 | D:5      | Reached XP level 8. HP: 70/70 MP: 3/9
  3524 | D:5      | Reached skill level 6 in Fighting
  4080 | D:6      | Reached skill level 6 in Dodging
  4305 | D:6      | Found Zuela's Antique Armour Emporium.
  4312 | D:6      | Bought a runed buckler for 217 gold pieces
  4433 | D:6      | Found a staircase to the Ecumenical Temple.
  4525 | Temple   | Entered the Ecumenical Temple
  4616 | Temple   | Became a worshipper of Warmaster Okawaru
  4737 | D:6      | Reached skill level 1 in Shields
  4745 | D:6      | Found a hazy altar of Hepliaklqana.
  4755 | D:6      | Found a glowing silver altar of Zin.
  4764 | D:6      | Found a shadowy altar of Dithmenos.
  4775 | D:6      | Found a sparkling altar of Nemelex Xobeh.
  4794 | D:6      | Found a stormy altar of Qazlal.
  4900 | D:7      | Reached XP level 9. HP: 79/79 MP: 3/10
  5091 | D:7      | Reached * piety under Okawaru
  5435 | D:7      | Reached skill level 3 in Shields
  5564 | D:7      | Found a transporter.
  5717 | D:7      | Noticed a two-headed ogre
  5718 | D:7      | Noticed a two-headed ogre
  5736 | D:7      | Found a roughly hewn altar of Beogh.
  5747 | D:7      | Killed a two-headed ogre
  5747 | D:7      | Reached skill level 6 in Maces & Flails
  5755 | D:7      | Killed a two-headed ogre
  5755 | D:7      | Reached ** piety under Okawaru
  5755 | D:7      | Reached skill level 9 in Fighting
  5767 | D:7      | Reached XP level 10. HP: 31/91 MP: 0/11
  5797 | D:7      | Found a transporter.
  6176 | D:8      | Noticed Joseph
  6193 | D:8      | Killed Joseph
  6299 | D:8      | Reached skill level 3 in Invocations
  6300 | D:8      | Noticed Pikel
  6301 | D:8      | Noticed Grum
  6335 | D:8      | Killed Grum
  6352 | D:8      | Killed Pikel
  6428 | D:8      | Reached *** piety under Okawaru
  6574 | D:8      | Noticed a six-headed hydra
  6602 | D:8      | Killed a six-headed hydra
  6604 | D:8      | Reached **** piety under Okawaru
  6646 | D:8      | Got a twitching golden ring
  6648 | D:8      | Got a faintly glowing broad axe
  6649 | D:8      | Identified the +7 broad axe of Terra Cotta {elec, rC- rN++ Str+3} (You found it on level 8 of the Dungeon)
  6654 | D:8      | Noticed a centaur warrior
  6669 | D:8      | Killed a centaur warrior
  6677 | D:8      | Got an uncursed slimy broad axe {flame}
  6678 | D:8      | Identified the +7 broad axe of Checkmate {flame, rElec rPois} (You took it off a centaur warrior on level 8 of the Dungeon)
  6686 | D:8      | Identified the ring of Kikubaaqudgha's Hope {rC+ AC+2} (You found it on level 8 of the Dungeon)
  6701 | D:8      | Noticed a two-headed ogre
  6708 | D:8      | Killed a two-headed ogre
  6708 | D:8      | Received a gift from Okawaru
  6708 | D:8      | Reached XP level 11. HP: 41/101 MP: 8/14
  7082 | D:9      | Reached skill level 6 in Shields
  7123 | D:9      | Noticed a two-headed ogre
  7129 | D:9      | Killed a two-headed ogre
  7129 | D:9      | Reached ***** piety under Okawaru
  7129 | D:9      | Reached skill level 1 in Axes
  7425 | D:9      | Found a staircase to the Orcish Mines.
  7493 | D:9      | Reached skill level 2 in Axes
  7691 | D:10     | Entered Level 10 of the Dungeon
  7745 | D:10     | Killed an unseen horror
  7835 | D:10     | Noticed a death yak
  7835 | D:10     | Noticed a death yak
  7836 | D:10     | Noticed a death yak
  7849 | D:10     | Killed a death yak
  7851 | D:10     | Noticed a death yak
  7851 | D:10     | Noticed a death yak
  7852 | D:10     | Killed a death yak
  7852 | D:10     | Reached skill level 3 in Axes
  7858 | D:10     | Killed a death yak
  7858 | D:10     | Received a gift from Okawaru
  7862 | D:10     | Killed a death yak
  7876 | D:10     | Killed a death yak
  7876 | D:10     | Reached skill level 4 in Axes
  8220 | D:10     | Got a pair of steaming boots {god gift}
  8231 | D:10     | Identified the +1 pair of boots of Deycs {god gift, Str+2 Int+4 Stlth+} (Okawaru gifted it to you on level 10 of the Dungeon)
  8237 | D:10     | Found a staircase to the Lair.
  8324 | D:10     | Noticed Josephine
  8325 | D:10     | Killed an unseen horror
  8724 | D:10     | Killed Josephine
  8734 | D:10     | Reached XP level 12. HP: 34/110 MP: 3/15
  9054 | D:10     | Found Koqogruh's Antique Weapon Shoppe.
  9478 | D:11     | Reached skill level 5 in Axes
  9702 | D:11     | Received a gift from Okawaru
  9702 | D:11     | Reached skill level 9 in Dodging
  9828 | D:11     | Reached skill level 12 in Fighting
 10106 | D:11     | Noticed Nattefrost's ghost (journeyman CeAK)
 10117 | D:11     | Killed Nattefrost's ghost
 10286 | Lair:1   | Entered Level 1 of the Lair of Beasts
 10294 | Lair:1   | Received a gift from Okawaru
 10442 | Lair:1   | Reached skill level 6 in Axes
 10488 | Lair:1   | Noticed a six-headed hydra
 10494 | Lair:1   | Killed a three-headed hydra
 10659 | Lair:1   | Noticed Fannar
 10669 | Lair:1   | Killed Fannar
 10669 | Lair:1   | Received a gift from Okawaru
 10669 | Lair:1   | Reached skill level 9 in Shields
 11358 | Lair:2   | Reached skill level 7 in Axes
 11376 | Lair:2   | Noticed a four-headed hydra
 11385 | Lair:2   | Killed a one-headed hydra
 11603 | Lair:2   | Reached XP level 13. HP: 119/119 MP: 16/16
 13224 | Lair:3   | Noticed Snorg
 13242 | Lair:3   | Killed Snorg
 13718 | Lair:3   | Noticed Rupert
 13738 | Lair:3   | Killed Rupert
 13944 | Lair:3   | Reached skill level 8 in Axes
 14075 | Lair:3   | Received a gift from Okawaru
 14525 | Lair:4   | Found a staircase to the Snake Pit.
 14840 | Lair:4   | Reached skill level 9 in Axes
 15036 | Lair:4   | You fall through a shaft!
 15436 | Lair:4   | Found a staircase to the Shoals.
 15442 | Lair:4   | Reached skill level 1 in Evocations
 16354 | Lair:6   | Entered Level 6 of the Lair of Beasts
 16388 | Lair:6   | Reached skill level 3 in Evocations
 16615 | Lair:6   | Identified a scroll of acquirement
 16963 | Lair:6   | Received a gift from Okawaru
 17006 | Lair:6   | Reached XP level 14. HP: 126/129 MP: 18/18
 17049 | Lair:6   | Reached skill level 6 in Invocations
 17102 | Lair:6   | Reached skill level 10 in Axes
 18063 | D:12     | Noticed Sonja
 18065 | D:12     | Killed Sonja
 18086 | D:12     | Received a gift from Okawaru
 18242 | D:12     | Noticed Nergalle
 18250 | D:12     | Killed Nergalle
 18250 | D:12     | Reached skill level 11 in Axes
 18276 | D:12     | Noticed Kirke
 18338 | D:12     | Noticed a sphinx
 18345 | D:12     | Paralysed by a sphinx for 2 turns
 18987 | D:13     | Reached skill level 9 in Invocations
 19272 | D:13     | Noticed Erolcha
 19277 | D:13     | Killed Erolcha
 19440 | D:14     | Reached skill level 12 in Axes
 19587 | D:14     | Found Redupn's Jewellery Emporium.
 19589 | D:14     | Bought the amulet of Kijiqair {rPois Regen+ Slay+2} for 595 gold pieces
 19712 | D:14     | Reached skill level 13 in Axes
 19714 | D:14     | Reached XP level 15. HP: 93/135 MP: 18/21
 19725 | D:14     | Found a gate to the Vaults.
 20696 | D:15     | Entered Level 15 of the Dungeon
 20698 | D:15     | Noticed Agnes
 20712 | D:15     | Killed Agnes
 21005 | D:15     | Found a staircase to the Depths.
 21015 | D:15     | Reached skill level 14 in Axes
 21079 | D:15     | Identified the cursed +3 great mace "Teifro" {drain, rN+} (You found it on level 15 of the Dungeon)
 22012 | Orc:1    | Entered Level 1 of the Orcish Mines
 22272 | Orc:2    | Entered Level 2 of the Orcish Mines
 22278 | Orc:2    | Found Avaocleq's General Store.
 22282 | Orc:2    | Noticed an orc warlord
 22291 | Orc:2    | Gained mutation: You are frail. (-10% HP) [a neqoxec]
 22301 | Orc:2    | Reached skill level 15 in Axes
 22321 | Orc:2    | Killed an orc warlord
 22327 | Orc:2    | Lost mutation: You are frail. (-10% HP) [potion of mutation]
 22327 | Orc:2    | Gained mutation: Your large and strong wings let you fly indefinitely. [potion of mutation]
 22327 | Orc:2    | Gained mutation: Your mind is acute. (Int +2) [potion of mutation]
 22327 | Orc:2    | Gained mutation: You have a beak for a mouth. [potion of mutation]
 22381 | Orc:2    | Bought a potion of heal wounds for 65 gold pieces
 22381 | Orc:2    | Bought 2 potions of mutation for 208 gold pieces
 22557 | Orc:2    | Found Zygeblui's Antique Weapon Shoppe.
 22557 | Orc:2    | Noticed an orc warlord
 22594 | Orc:2    | Killed an orc warlord
 22683 | Orc:2    | Bought a glowing broad axe for 196 gold pieces
 22729 | Orc:2    | Found Ewod's Antique Armour Boutique.
 22733 | Orc:2    | Paralysed by an orc sorcerer for 3 turns
 22743 | Orc:2    | Killed from afar by an orc sorcerer

Vault maps used:
D:1:      sevenhm_arrival_forest_fort_large_4
D:3:      grunt_decor_clamped, minivault_23
D:4:      grunt_temple_overflow_diamond, first_ration, serial_corexii_hall,
          corexii_hall_statues_t, corexii_hall_statues_l, serial_shops,
          shop_coins
D:5:      uniq_grinder
D:6:      minmay_overflow_temple_star_hex, minmay_temple_entry_trees,
          serial_shops, nicolae_shop_crystal,
          hangedman_abyss_or_decor_lesser_grid
D:7:      gammafunk_beogh_shrine, the_bakery
D:8:      minmay_the_grid_square_5x5_3x3, uniq_grum, uniq_pikel, uniq_joseph
D:9:      david_orc_2
D:10:     dpeg_lair_monsters, serial_shops, kennysheep_mini, uniq_josephine
D:11:     kennysheep_generic_room_10
D:12:     st_stairs_4, uniq_kirke, uniq_sonja, uniq_nergalle
D:13:     uniq_erolcha
D:14:     erik_vaults_1, serial_shops, shop, kennysheep_nub
D:15:     gammafunk_depths_entry_grave, serial_corexii_hall,
          corexii_hall_statues_l, corexii_hall_statues_i,
          corexii_hall_statues_x, lemuel_flame_loot_1, uniq_agnes
Temple:   nicolae_temple_great_sept
Lair:1:   serial_bayou_lagoon_a, lemuel_fruit_fields, uniq_fannar
Lair:2:   dpeg_oklob_gauntlet, serial_bayou_shore_a
Lair:3:   uniq_rupert, uniq_snorg
Lair:4:   elwin_shoals_entry_rooms, minmay_snake_entry_guardpost_medium
Lair:5:   nicolae_lair_grove_arrangements, hibernation_bobbens,
          serial_bayou_shore_b
Lair:6:   minmay_lair_end_enchanted_forest, minmay_slime_entry_oklob_enclosed,
          grunt_megastairs_2
Orc:2:    grunt_orc_gardens, grunt_orc_garden, grunt_orc_garden,
          grunt_orc_garden, grunt_orc_garden, serial_shops, shop_fountains

Skill      XL: |  1  2  3  4  5  6  7  8  9 10 11 12 13 14 15 |
---------------+----------------------------------------------+-----
Dodging        | 2 3 4 5 6 7 8 9 10 | 10.3
Unarmed Combat | 1 3 4 |  4.0
Fighting       | 2 3 4 5 7 9 10 11 12 13 | 13.1
Maces & Flails | 3 5 7 8 |  8.5
Shields        | 2 4 5 7 9 10 | 10.8
Invocations    | 4 5 9 |  9.0
Axes           | 4 7 9 13 15 | 15.6
Evocations     | 3 5 |  5.0
Crossbows      | |  1.7
Spellcasting   | |  1.0
Hexes          | |  2.6

Action                   |  1- 3 |  4- 6 |  7- 9 | 10-12 | 13-15 || total
-------------------------+-------+-------+-------+-------+-------++-------
Melee: Unarmed           |    10 |       |       |       |    35 ||    45
       Mace              |       |     3 |   130 |   127 |       ||   260
       Tailslap          |       |       |    26 |    65 |   159 ||   250
       Punch             |       |       |     2 |       |       ||     2
       Broad axe         |       |       |       |   324 |   995 ||  1319
       Peck              |       |       |       |       |    13 ||    13
 Fire: Hand crossbow     |   100 |    90 |       |       |       ||   190
 Cast: Corona            |     2 |       |       |       |       ||     2
Invok: Heroism           |       |       |     2 |    16 |    28 ||    46
       Finesse           |       |       |       |     3 |    11 ||    14
 Abil: Breathe Steam     |       |       |    20 |    33 |    30 ||    83
       Fly               |       |       |       |       |     1 ||     1
Evoke: Lamp of fire      |       |       |       |     1 |     1 ||     2
       Wand              |       |       |       |       |     9 ||     9
  Use: Scroll            |       |     5 |    11 |    16 |    11 ||    43
       Potion            |       |       |     1 |     3 |     1 ||     5
 Stab: Sleeping          |       |       |       |     8 |    16 ||    24
       Distracted        |       |       |       |       |     1 ||     1
  Eat: Chunk             |     2 |     5 |    19 |    17 |    30 ||    73
       Ration            |       |       |       |     1 |     3 ||     4
Armor: Skin              |    13 |    30 |    38 |   136 |   216 ||   433
Dodge: Dodged            |    20 |    33 |   111 |   285 |   541 ||   990
Block: Buckler           |       |       |    17 |     4 |       ||    21
       Shield            |       |       |       |   337 |   733 ||  1070

Table legend:
 A = Spawn XP
 B = Non-spawn XP
 C = Spawn XP percentage of total XP
 D = Spawn monster count
 E = Non-spawn monster count
 F = Spawn count percentage of total count
 G = Total turns spent on level
                    A         B        C        D         E        F      G
               +---------+---------+-------+---------+---------+-------+---------
         Total |       0 |  136886 |   0.0 |       0 |     651 |   0.0 | 22743
               +---------+---------+-------+---------+---------+-------+---------
           D:1 |       0 |      53 |   0.0 |       0 |      26 |   0.0 |  1267
           D:2 |       0 |      52 |   0.0 |       0 |      23 |   0.0 |   675
           D:3 |       0 |     288 |   0.0 |       0 |       9 |   0.0 |   690
           D:4 |       0 |     382 |   0.0 |       0 |      16 |   0.0 |   735
           D:5 |       0 |    1186 |   0.0 |       0 |      20 |   0.0 |   607
           D:6 |       0 |     836 |   0.0 |       0 |      13 |   0.0 |   807
           D:7 |       0 |    2853 |   0.0 |       0 |      23 |   0.0 |  1251
           D:8 |       0 |    5975 |   0.0 |       0 |      37 |   0.0 |   916
           D:9 |       0 |    2283 |   0.0 |       0 |      24 |   0.0 |   660
          D:10 |       0 |    8988 |   0.0 |       0 |      38 |   0.0 |  1758
          D:11 |       0 |    5428 |   0.0 |       0 |      30 |   0.0 |  1085
          D:12 |       0 |   10937 |   0.0 |       0 |      59 |   0.0 |   912
          D:13 |       0 |    6334 |   0.0 |       0 |      35 |   0.0 |   632
          D:14 |       0 |   16938 |   0.0 |       0 |      42 |   0.0 |  1477
          D:15 |       0 |   16727 |   0.0 |       0 |      38 |   0.0 |  1031
        Lair:1 |       0 |    5720 |   0.0 |       0 |      23 |   0.0 |   872
        Lair:2 |       0 |    7626 |   0.0 |       0 |      27 |   0.0 |  2053
        Lair:3 |       0 |    7965 |   0.0 |       0 |      19 |   0.0 |  1240
        Lair:4 |       0 |    7016 |   0.0 |       0 |      25 |   0.0 |  1087
        Lair:5 |       0 |    2388 |   0.0 |       0 |       4 |   0.0 |   894
        Lair:6 |       0 |   14566 |   0.0 |       0 |      68 |   0.0 |  1260
         Orc:1 |       0 |     821 |   0.0 |       0 |       7 |   0.0 |   260
         Orc:2 |       0 |   11524 |   0.0 |       0 |      45 |   0.0 |   471
               +---------+---------+-------+---------+---------+-------+---------
